AoeStats
← Rosa Mélano

Arena

509521788Analyzed
3v3 RM · 6d ago on Sep 27, 2026· 52m 27s· 6 players
Game mode
Random Map
Map size
Normal (6 player)
Population
200
Speed
Normal
Resources
Standard
Victory
Conquest
Starting age
Dark Age
Ending age
Imperial Age
RankedLock teamsTeams togetherTeam positionsShared explorationLock speedFull tech treeHidden civsTurbo modeCheats
Victory
Defeat
🇨🇴 Spanish · Colombia
1235
+15
🇨🇳 Mongols · China
1184
+17
🇵🇱 Bohemians · Poland
1160
+19
🇨🇱 Khmer · Chile
1220
-17
🇨🇱 Saracens · Chile
1217
-17
🇨🇱 Saracens · Chile
1215
-17
剑斜
9:35 Feudal Age
11:52 Double-Bit Axe
11:48 Horse Collar
14:34 Castle Age
15:59 Bow Saw
20:35 Wheelbarrow
19:46 Loom
22:12 Scale Barding Armor
24:06 Bloodlines
28:27 Hand Cart
28:10 Town Watch
29:38 Heavy Plow
29:36 Gold Mining
29:42 Stone Mining
33:06 Imperial Age
31:22 Husbandry
30:42 Light Cavalry
31:15 Fletching
31:46 Chain Barding Armor
32:07 Bodkin Arrow
32:13 Padded Archer Armor
33:21 Ballistics
33:15 Elite Mangudai
34:56 Conscription
34:38 Bracer
34:34 Hussar
37:26 Chemistry
36:37 Masonry
39:40 Leather Archer Armor
39:36 Forging
41:15 Parthian Tactics
40:57 Thumb Ring
45:08 Capped Ram
46:13 Siege Ram
48:47 Drill
molina_229
11:21 Feudal Age
12:54 Double-Bit Axe
15:21 Castle Age
13:30 Horse Collar
16:53 Bow Saw
16:30 Town Watch
26:07 Padded Archer Armor
27:18 Gold Mining
31:23 Imperial Age
30:25 Leather Archer Armor
31:43 Bloodlines
31:34 Husbandry
31:49 Scale Barding Armor
34:10 Conscription
35:19 Chain Barding Armor
36:39 Cavalier
39:28 Wheelbarrow
42:22 Plate Barding Armor
41:58 Forging
41:40 Fletching
42:15 Ballistics
42:51 Ring Archer Armor
42:22 Scale Mail Armor
43:16 Hand Cart
43:03 Town Patrol
44:45 Iron Casting
46:08 Chemistry
45:19 Masonry
45:05 Murder Holes
45:24 Paladin
46:28 Bodkin Arrow
49:39 Heavy Plow
49:31 Stone Mining
50:54 Bombard Tower
51:05 Architecture
50:37 Bracer
Bamboozled Kiwi
10:00 Feudal Age
10:30 Double-Bit Axe
14:06 Horse Collar
17:18 Castle Age
16:54 Wheelbarrow
19:04 Fletching
19:18 Scale Mail Armor
19:28 Forging
32:34 Bow Saw
32:18 Pikeman
32:58 Squires
33:00 Loom
33:42 Heavy Plow
38:00 Chain Mail Armor
38:21 Iron Casting
46:41 Imperial Age
45:49 Hand Cart
46:11 Ballistics
46:57 Chemistry
47:35 Scale Barding Armor
48:33 Blast Furnace
48:07 Plate Mail Armor
48:19 Halberdier
49:57 Arson
Teórico
4:27 Loom
11:10 Feudal Age
16:27 Castle Age
15:24 Gold Mining
15:59 Double-Bit Axe
17:26 Bloodlines
22:43 Wheelbarrow
27:55 Scale Barding Armor
29:25 Hand Cart
29:22 Husbandry
31:42 Bow Saw
34:52 Chain Barding Armor
34:46 Stone Mining
37:37 Imperial Age
36:26 Forging
37:26 Fletching
38:58 Plate Barding Armor
40:11 Iron Casting
39:42 Elite Skirmisher
40:28 Thumb Ring
40:20 Bodkin Arrow
42:26 Heavy Camel Rider
44:08 Bracer
45:40 Padded Archer Armor
46:43 Chemistry
46:05 Ballistics
Kerry Caverga
9:55 Loom
12:00 Feudal Age
17:51 Castle Age
16:05 Double-Bit Axe
17:30 Fletching
20:21 Bow Saw
21:09 Wheelbarrow
21:59 Horse Collar
27:02 Heavy Plow
27:30 Bodkin Arrow
27:43 Elite Skirmisher
34:45 Imperial Age
32:32 Thumb Ring
32:29 Padded Archer Armor
32:56 Ballistics
33:22 Masonry
33:15 Gold Mining
33:08 Pikeman
34:05 Leather Archer Armor
33:52 Scale Mail Armor
34:02 Forging
34:34 Hand Cart
34:05 Town Watch
35:52 Conscription
35:58 Conscription
35:40 Bracer
37:11 Husbandry
37:22 Bloodlines
39:34 Chain Mail Armor
39:54 Iron Casting
39:34 Stone Mining
43:56 Elite Mameluke
Rosa Mélano
9:31 Feudal Age
13:26 Castle Age
11:55 Loom
12:11 Double-Bit Axe
13:34 Horse Collar
15:03 Bow Saw
18:23 Fletching
19:43 Bodkin Arrow
26:38 Husbandry
26:49 Bloodlines
26:44 Heavy Plow
27:33 Ballistics
27:55 Gold Mining
29:02 Devotion
34:16 Imperial Age
32:25 Gold Shaft Mining
31:45 Town Watch
32:35 Wheelbarrow
36:08 Chemistry
35:13 Bracer
35:50 Conscription
37:31 Light Cavalry
38:25 Forging
38:20 Scale Barding Armor
39:05 Double Crossbow
40:07 Elite Ballista Elephant
41:46 Faith
42:50 Iron Casting
42:35 Chain Barding Armor
42:30 Hussar
43:26 Heavy Scorpion
49:44 Crop Rotation
49:27 Siege Engineers
49:18 Murder Holes
49:33 Masonry
Connection lost

Rejoining the realm…

Still unreachable

The connection could not be restored.

Session expired

The server has moved on; the page needs a fresh start.